 Dungeon Crawl Stone Soup version 0.17-a0-1802-g9847487 (webtiles) character file.

31 DecibelRebel the Magician (level 3, 0/26 HPs)
             Began as a Draconian Wizard on Sept 11, 2015.
             Slain by an adder (1 damage)
             ... on level 2 of the Dungeon.
             The game lasted 00:30:16 (1369 turns).

DecibelRebel the Magician (Draconian Wizard)        Turns: 1369, Time: 00:30:16

Health: 0/26       AC:  5    Str:  9    XL:     3   Next: 7%
Magic:  2/7        EV: 12    Int: 19    God:
Gold:   18         SH:  0    Dex:  9    Spells: 3 memorised, 3 levels left

rFire  . . .     SeeInvis .     (no weapon)
rCold  . . .     Clarity  .     (armour unavailable)
rNeg   . . .     SustAt   .     (no shield)
rPois  .         Gourm    .     a - +0 hat
rElec  .         Spirit   .     (no cloak)
rCorr  .         Warding  .     (no gloves)
rMut   .         Stasis   .     (no boots)
MR     .....                    (no amulet)
Stlth  +.........               (no ring)
                                (no ring)

@: lethally poisoned (0 -> -6), not resistant to hostile enchantments, very
unstealthy
A: unfitting armour, cold-blooded, AC +5
a: no special abilities


You were on level 2 of the Dungeon.
You were not hungry.

You visited 1 branch of the dungeon, and saw 2 of its levels.

You collected 18 gold pieces.

Inventory:

Armour
 a - a +0 hat (worn)
Scrolls
 h - a scroll of identify {unknown}
Potions
 e - a potion of heal wounds {unknown}
 g - 2 potions of mutation {unknown}
Books
 b - a book of Minor Magic

   Spells                             Type                      Level
   a - Magic Dart                     Conjuration                  1
   b - Blink                          Translocation                2
   c - Call Imp                       Summoning                    2
   d - Repel Missiles                 Charms/Air                   2
   e - Slow                           Hexes                        2
   f - Conjure Flame                  Conjuration/Fire             3
   g - Mephitic Cloud                 Conjuration/Poison/Air       3
Comestibles
 c - a bread ration
 d - a beef jerky
 f - a meat ration


   Skills:
 - Level 1.7 Dodging
 - Level 1.7 Stealth
 + Level 3.2 Spellcasting
 * Level 2.6 Conjurations
 - Level 1.0 Summonings
 - Level 1.0 Translocations


You had 3 spell levels left.
You knew the following spells:

 Your Spells              Type           Power        Failure   Level  Hunger
a - Magic Dart            Conj           ##..         8%          1    None
b - Blink                 Tloc           N/A          17%         2    ##.....
c - Call Imp              Summ           #.......     17%         2    ##.....


Dungeon Overview and Level Annotations

Branches:
Dungeon (2/15)

Altars:


Innate Abilities, Weirdness & Mutations

Your plain brown scales are hard (AC +5).
Your body does not fit into most forms of armour.
You are cold-blooded and may be slowed by cold attacks.


Message History

Your crimson imp blinks!
You hit the adder.
The adder is heavily wounded.
The adder bites you but does no damage.
You feel sick. The adder barely misses you.
A hobgoblin comes into view.
You feel sick.
You are no longer poisoned.
The adder bites you but does no damage.
You barely miss the adder.
The adder is moderately wounded.
The adder bites you.
* * * LOW HITPOINT WARNING * * *
You are lethally poisoned!
The adder poisons you! The adder closely misses you.
You closely miss the adder.
Your tail-slap misses the adder.
The adder is moderately wounded.
* * * LOW HITPOINT WARNING * * *
You feel sick. The adder bites you.
You die...

## .# ####.###
#gS@...# ###.####.....
#...########...# %.
#.#g.....# .. ..
#...####..#####.##.###
#..## ##.. .......#..
#.g# ... .......g#
##.# ..# ###.......
#.## #.# #......$..


You could see an adder and a goblin.

Vanquished Creatures
  An ooze (D:1)
  A giant gecko (D:1)
  3 bats (D:1)
  4 giant cockroaches (D:1)
  A goblin (D:1)
  2 hobgoblins (D:1)
  3 jackals (D:1)
  A giant newt (D:1)
  2 kobolds (D:1)
  5 rats (D:1)
23 creatures vanquished.

Vanquished Creatures (collateral kills)
  A hobgoblin (D:1)
  A kobold (D:1)
  A jackal (D:1)
3 creatures vanquished.

Grand Total: 26 creatures vanquished

Notes
Turn   | Place    | Note
--------------------------------------------------------------
     0 | D:1      | DecibelRebel the Draconian Wizard began the quest for the Orb.
     0 | D:1      | Reached XP level 1. HP: 14/14 MP: 4/4
   103 | D:1      | Reached XP level 2. HP: 15/20 MP: 0/6
   107 | D:1      | Learned a level 2 spell: Blink
   110 | D:1      | Learned a level 2 spell: Call Imp
   901 | D:1      | Reached XP level 3. HP: 5/26 MP: 1/7
  1369 | D:2      | HP: 1/26 [poisoned by an adder]
  1369 | D:2      | Slain by an adder

Vault maps used:
D:1:      minmay_arrival_hallway, serial_forest, infiniplex_forest_clump_medium,
          infiniplex_forest_diagonal, infiniplex_forest_lined_ring,
          infiniplex_forest_end_3, infiniplex_forest_diagonal,
          infiniplex_forest_straight_3, infiniplex_forest_straight_4,
          infiniplex_forest_lined_room_2, hangedman_feature_mirror,
          minmay_misc_feat_plants
D:2:      minmay_close_crescents

Action                   || total
-------------------------++-------
Melee: Unarmed           ||   195
 Cast: Magic Dart        ||    44
       Call Imp          ||     5
       Blink             ||     1
  Use: Potion            ||     1
  Eat: Chunk             ||     2
